 Dungeon Crawl Stone Soup version 0.21.1-1-g345015fe64 (webtiles) character file.

239 HeroTen the Chopper (level 5, 0/70 HPs)
             Began as a Minotaur Berserker on June 20, 2018.
             Was a Believer of Trog.
             Succumbed to Lokiki's ghost's poison
             ... on level 2 of the Dungeon.
             The game lasted 00:13:02 (1712 turns).

HeroTen the Chopper (Minotaur Berserker)            Turns: 1712, Time: 00:13:02

Health: 0/70       AC: 22    Str: 23    XL:     5   Next: 79%
Magic:  4/4        EV:  2    Int:  4    God:    Trog [**....]
Gold:   84         SH:  2    Dex: 14    Spells: 4/4 levels left

rFire    . . .     SeeInvis .   j - -3 halberd (curse)
rCold    . . .     Gourm    .   (shield currently unavailable)
rNeg     + + +     Faith    .   (armour currently unavailable)
rPois    +         Spirit   .   (helmet currently unavailable)
rElec    .         Reflect  +   (cloak currently unavailable)
rCorr    .         Harm     .   (gloves currently unavailable)
MR       .....     NoTele   +   (boots currently unavailable)
Stlth    ++........             r - +2 amulet of reflection {strength}
HPRegen  0.21/turn              i - ring of positive energy
MPRegen  0.09/turn              (no ring)

@: agile, lethally poisoned (0 -> -9), tree-form
A: (retaliatory headbutt)
a: Berserk, Trog's Hand, Burn Spellbooks, Renounce Religion


You were on level 2 of the Dungeon.
You worshipped Trog.
Trog was pleased with you.
You were hungry.
You were a tree.
You visited 1 branch of the dungeon, and saw 3 of its levels.

You collected 84 gold pieces.

Inventory:

Hand Weapons
 a - a +0 hand axe
 e - a +0 dagger
 j - a cursed -3 halberd (weapon)
 k - a +0 dagger
 l - a +0 hand axe
 p - a +0 mace
 s - a cursed -3 scythe
Armour
 b - a +0 animal skin
 f - a +0 scale mail
 g - a +0 pair of gloves (melded)
 n - a +0 chain mail (melded)
Jewellery
 i - a ring of positive energy (left branch)
 r - a +2 amulet of reflection (around neck) {strength}
Scrolls
 d - a scroll of magic mapping
 h - 2 scrolls of identify
 o - a scroll of blinking
Potions
 m - a potion of lignification


   Skills:
 + Level 4.8 Fighting
 + Level 5.3(5.6) Axes
 + Level 2.1(4.0) Polearms
 + Level 3.9 Armour
 + Level 3.2 Dodging


You had 4 spell levels left.
You didn't know any spells.

Dungeon Overview and Level Annotations

Branches:
Dungeon (3/15)

Altars:
Cheibriados

Annotations:
D:3 Lokiki's ghost, amateur MiFi


Innate Abilities, Weirdness & Mutations

((You reflexively headbutt those who attack you in melee.))
((You have a pair of horns on your head.))


Message History

Drop what? 19/52 slots (_ for help) (? for menu, Esc to quit)
You drop 5 rations.
* * * LOW HITPOINT WARNING * * *
You feel sick.
There isn't anything to butcher here.
You cannot move.
You can't unwield your weapon to draw a new one!
There isn't anything to butcher here.
There isn't anything to butcher here.
You are too injured to fight recklessly!
You are too injured to fight recklessly!
You don't know any spells.
You are too injured to fight recklessly!
You eat the chunk of flesh.
This raw flesh tastes terrible.
You are feeling hungry.
* * * LOW HITPOINT WARNING * * *
You feel sick.
As you read the scroll of identify, it crumbles to dust.
s - a cursed -3 scythe You die...

#.# #.# #.#
***********### #.#
*,,,,,,,,,,..# #.#
#.#********#.# #.# #.#
#.# #.## #.##########.#
#..##### #.##..♣......#
#......#
#.##.##)#.##.###.._..#.
#.##.#.###.#..)......#,
########.##..##
##..###.#.#.#,
#...........##
##.....##<..#
#.######.###.##
##..###....#.. #.#
#.#.....###...#
###.#>## #.#
##.#####.#.#..# *.#<..
#.# ########.##..#
*,####


There were no monsters in sight!

Vanquished Creatures
  Sigmund (D:2)
  4 adders
  An ooze (D:2)
  A worm (D:2)
  3 dart slugs
  A leopard gecko (D:1)
  5 bats
  A giant cockroach (D:1)
  7 goblins
  3 hobgoblins (D:2)
  7 jackals (D:1)
  3 kobolds
  A quokka (D:2)
  3 frilled lizards
  6 rats
47 creatures vanquished.

Notes
Turn   | Place    | Note
-------+----------+-------------------------------------------
     0 | D:1      | HeroTen the Minotaur Berserker began the quest for the Orb.
     0 | D:1      | Reached XP level 1. HP: 19/19 MP: 0/0
    91 | D:1      | Reached skill level 4 in Axes
    91 | D:1      | Reached XP level 2. HP: 27/27 MP: 1/1
  1185 | D:2      | Reached XP level 3. HP: 29/33 MP: 2/2
  1198 | D:2      | Reached ** piety under Trog
  1385 | D:2      | Found a snail-covered altar of Cheibriados.
  1581 | D:2      | Noticed Sigmund
  1589 | D:2      | Killed Sigmund
  1589 | D:2      | Reached skill level 5 in Axes
  1589 | D:2      | Reached skill level 1 in Polearms
  1589 | D:2      | Reached XP level 4. HP: 39/41 MP: 3/3
  1589 | D:2      | Reached XP level 5. HP: 45/47 MP: 4/4
  1691 | D:3      | Noticed Lokiki's ghost (amateur MiFi)
  1710 | D:2      | HP: 2/70 [poisoned by Lokiki's ghost]
  1712 | D:2      | Succumbed to Lokiki's ghost's poison

Skill      XL: |  1  2  3  4  5 |
---------------+----------------+-----
Axes           | 4 5 |  5.3
Fighting       | 4 |  4.8
Polearms       | 1 2 |  2.1
Armour         | 3 |  3.9
Dodging        | 3 |  3.2

Action                   |  1- 3 |  4- 6 || total
-------------------------+-------+-------++-------
Melee: Hand axe          |    42 |       ||    42
       Headbutt          |    15 |     9 ||    24
       Halberd           |    40 |    16 ||    56
  Use: Scroll            |     4 |     1 ||     5
       Potion            |       |     2 ||     2
  Eat: Chunk             |     1 |     1 ||     2
Armor: Scale mail        |    15 |       ||    15
       Chain mail        |    49 |    16 ||    65
Dodge: Dodged            |    60 |    14 ||    74
